 Dungeon Crawl Stone Soup version 0.23.2 (webtiles) character file.

Game seed: 16796509737622578454

44 Borgoz the Sneak (level 3, -1/30 HPs)
             Began as a Ghoul Assassin on Apr 4, 2019.
             Slain by a gnoll
             ... wielding a +0 spear
              (7 damage)
             ... on level 2 of the Dungeon.
             The game lasted 00:02:43 (1407 turns).

Borgoz the Sneak (Ghoul Assassin)                   Turns: 1407, Time: 00:02:44

Health: -1/30      AC:  6    Str: 12 (14) XL:     3   Next: 60%
Magic:  2/2        EV: 12    Int:  6 (7)  God:
Gold:   103        SH:  0    Dex:  7 (10) Spells: 2/2 levels left

rFire    . . .     SeeInvis .   a - +4 dagger
rCold    + . .     Gourm    .   (no shield)
rNeg     + + +     Faith    .   c - +0 robe
rPois    ∞         Spirit   .   h - +2 helmet
rElec    .         Reflect  .   d - +0 cloak
rCorr    .         Harm     .   (no gloves)
MR       .....                  (no boots)
Stlth    ++........             (no amulet)
HPRegen  0.00/turn              (no ring)
MPRegen  0.08/turn              (no ring)

@: rotting
A: rotting body, claws 1, carnivore, cold resistance 1, negative energy
resistance 3, inhibited regeneration, torment resistance, unbreathing
a: no special abilities


You were on level 2 of the Dungeon.
You were not hungry.

You visited 1 branch of the dungeon, and saw 2 of its levels.

You collected 103 gold pieces.

Inventory:

Hand Weapons
 a - a +4 dagger (weapon)
 b - a +0 blowgun
Missiles
 e - 8 poisoned needles
 f - 2 curare-tipped needles
Armour
 c - a +0 robe (worn)
 d - a +0 cloak (worn)
 h - a +2 helmet (worn)
Jewellery
 k - an uncursed ring of wizardry
 m - an uncursed amulet of faith
Scrolls
 n - a scroll of teleportation
Potions
 l - a potion of flight
Comestibles
 g - 3 rations
 i - 2 chunks of flesh


   Skills:
 + Level 2.4 Fighting
 * Level 2.3 Short Blades
 - Level 1.7 Throwing
 * Level 1.2 Armour
 * Level 1.6 Dodging
 + Level 4.6 Stealth


You had 2 spell levels left.
You didn't know any spells.
Your spell library was empty.

Dungeon Overview and Level Annotations

Branches:
Dungeon (2/15)

Altars:
Okawaru


Innate Abilities, Weirdness & Mutations

Your body is rotting away.
You thrive on raw meat.
You are immune to poison.
You have sharp fingernails.
You are carnivorous and can eat meat at any time.
Your flesh is cold resistant. (rC+)
You are immune to negative energy. (rN+++)
You do not regenerate when monsters are visible.
You are immune to unholy pain and torment.
You can survive without breathing.


Message History

There are monsters nearby!
There are monsters nearby!
The gnoll shouts! x2
You aren't carrying any items that you can evoke.
Okay, then.
Okay, then.
As you read the scroll of identify, it crumbles to dust.
l - a potion of flight The gnoll shouts!
The hobgoblin shouts!
As you read the scroll of identify, it crumbles to dust.
m - an uncursed amulet of faith The gnoll hits you from afar with a +0 spear!
As you read the scroll of identify, it crumbles to dust.
n - a scroll of teleportation The gnoll hits you but does no damage.
The gnoll completely misses you. The gnoll barely misses you.
The gnoll hits you with a +0 spear!
* * * LOW HITPOINT WARNING * * *
You closely miss the gnoll. The gnoll hits you but does no damage.
The gnoll hits you with a +0 spear!
You die...

#... #........# #<###
##.# ##.......#### #†..#
.. #.......##.# #.#.# ##
##'###.###.###.#g# ##.#
.# #.....#.# .#####..###
# #.#####.#
..........##.###.#####g#
#.#####.#........g.....#
#.#@##.###########
#.#gg# # #.##g# #.# g.
#<# #.. .. ..# #.# ..


You could see 3 gnolls and a hobgoblin.

Vanquished Creatures
  An ooze (D:1)
  A worm (D:2)
  3 leopard geckos
  5 bats
  4 giant cockroaches
  4 goblins
  6 hobgoblins (D:1)
  A ball python (D:1)
  2 frilled lizards (D:2)
  3 kobolds (D:1)
  3 rats
33 creatures vanquished.

Notes
Turn   | Place    | Note
-------+----------+-------------------------------------------
     0 | D:1      | Borgoz the Ghoul Assassin began the quest for the Orb.
     0 | D:1      | Reached XP level 1. HP: 17/17 MP: 0/0
    41 | D:1      | Reached skill level 1 in Dodging
   142 | D:1      | Reached XP level 2. HP: 22/24 MP: 1/1
   490 | D:1      | Reached XP level 3. HP: 24/30 MP: 2/2
   561 | D:1      | Reached skill level 1 in Armour
  1345 | D:2      | Found an iron altar of Okawaru.
  1407 | D:2      | Slain by a gnoll

Skill      XL: |  1  2  3 |
---------------+----------+-----
Dodging        | 1 |  1.6
Short Blades   | 2 |  2.3
Armour         | 1 |  1.2
Fighting       | |  2.4
Throwing       | |  1.7
Stealth        | |  4.6

Action                   || total
-------------------------++-------
Melee: Dagger            ||    83
  Use: Scroll            ||     6
       Potion            ||     2
 Stab: Sleeping          ||    11
  Eat: Chunk             ||     2
Armor: Robe              ||    11
Dodge: Dodged            ||    42
